 Dungeon Crawl Stone Soup version 0.20.1-1-g8b1a95d (webtiles) character file.

11410 Jannitor the Carver (level 11, -4/78 HPs)
             Began as an Octopode Chaos Knight on Sept 30, 2017.
             Slain by a hornet (5 damage)
             ... while paralysed by a hornet
             ... on level 10 of the Dungeon.
             The game lasted 00:32:03 (13131 turns).

Jannitor the Carver (Octopode Chaos Knight)        Turns: 13131, Time: 00:32:06

Health: -4/78      AC:  1    Str: 15    XL:     11   Next: 77%
Magic:  13/14      EV:  2    Int: 16    God:    Xom [....*.]
Gold:   6070       SH:  0    Dex: 12    Spells: 8/10 levels left

rFire    + . .     SeeInvis .   i - +3 scimitar (vamp)
rCold    + . .     Gourm    .   (no shield)
rNeg     . . .     Faith    .   (helmet restricted)
rPois    .         Spirit   .   (no amulet)
rElec    .         Reflect  .   y - ring of protection from fire
rCorr    .         Harm     .   d - ring of Ytil {+Fly rC+}
MR       .....                  (no ring)
Stlth    +++++.....             (no ring)
Regen    0.3/turn               (no ring)
MPRegen  0.2/turn               (no ring)
                                (no ring)
                                (no ring)

@: paralysed, slowed
A: almost no armour, stealthy swim, amphibious, 8 rings, constrict 8, camouflage
1, clever 1, low mp 1, mutation resistance 1, screaming 1, gelatinous body 1
a: Renounce Religion, Evoke Flight


You were on level 10 of the Dungeon.
You worshipped Xom.
You were a beloved toy of Xom.
You were hungry.

You visited 1 branch of the dungeon, and saw 11 of its levels.

You collected 6070 gold pieces.

Inventory:

Hand Weapons
 a - a +0 falchion of chaos
 i - a +3 vampiric scimitar (weapon)
 m - a +3 falchion of protection
Jewellery
 d - the ring of Ytil (right tentacle) {+Fly rC+}
   (Xom gifted it to you on level 9 of the Dungeon)

   [ring of flight]

   It protects you from cold.
   It lets you fly.
 h - an uncursed amulet of harm
 y - a ring of protection from fire (left tentacle)
Wands
 c - a wand of confusion (22/48)
 o - a wand of confusion (29/48)
 u - a wand of iceblast (5/15)
 v - a wand of digging (7/24)
Scrolls
 l - a scroll of blinking
 n - 2 scrolls of remove curse
 p - a scroll of identify
 s - a scroll of teleportation
 w - a scroll of enchant armour
Potions
 j - a potion of curing
 k - a potion of mutation
 r - a potion of ambrosia
Books
 e - a Young Poisoner's Handbook

   Spells                             Type                      Level
   a - Sting                          Conjuration/Poison           1
   b - Poisonous Vapours              Poison/Air                   2
   c - Mephitic Cloud                 Conjuration/Poison/Air       3
   d - Olgreb's Toxic Radiance        Poison                       4
   e - Venom Bolt                     Conjuration/Poison           5
Miscellaneous
 x - a phial of floods
Comestibles
 b - 5 bread rations
 f - 4 royal jellies
 g - 2 meat rations
 t - 5 fruits


   Skills:
 + Level 8.5 Fighting
 * Level 10.4 Long Blades
 + Level 8.8 Dodging
 + Level 10.2 Stealth
 + Level 4.7 Poison Magic
 + Level 6.5 Evocations


You had 8 spell levels left.
You knew the following spells:

 Your Spells              Type           Power        Failure   Level  Hunger
a - Poisonous Vapours     Pois/Air       #.....       14%         2    ###....


Dungeon Overview and Level Annotations

Branches:
Dungeon (11/15)            Temple (0/1) D:5
   Lair: D:8-11         Orc: D:9-12

Altars:
Ashenzari
Cheibriados
Fedhas
Gozag
Hepliaklqana
Ru
Sif Muna
Uskayaw
Xom

Annotations:
D:4 Pikel; endorz's ghost, novice MiBe
D:5 exclusion: ogre
D:8 exclusions: door and two-headed ogre
D:10 1 exclusion, Fannar
D:11 exclusion: ugly thing


Innate Abilities, Weirdness & Mutations

You cannot wear most types of armour.
You are very stealthy in the water. (Stealth+)
You are amphibious.
You can wear up to eight rings at the same time.
You can use your tentacles to constrict eight enemies at once.
Your skin changes colour to match your surroundings (Stealth+).
Your rubbery body absorbs attacks. (AC +1, EV +1)
Your mind is acute. (Int +2)
Your magical capacity is low. (-10% MP)
You are somewhat resistant to further mutation.
You occasionally shout uncontrollably at your foes.


Message History

You are more poisoned.
You feel yourself slow down. The worm completely misses you.
The hornet closely misses you.
Unknown command.
You feel better.
You feel yourself speed up.
You constrict the hornet. The hornet stings you.
You suddenly lose the ability to move!
You lose your grip on the hornet.
The hornet stings you!
* * * LOW HITPOINT WARNING * * *
You feel yourself slow down. The worm bites you.
* * * LOW HITPOINT WARNING * * *
The hornet stings you!
* * * LOW HITPOINT WARNING * * *
You feel as though you will be slow longer.
The worm bites you.
* * * LOW HITPOINT WARNING * * *
The hornet stings you.
You die...
Xom chuckles heartily!

# ######.#######
###### ###.# .....#
#...# .....#
###.###### .....#
#........# .....###
#........##
.....'.###.........#
.....#........##y###
.....#####....##@#.#
.....# #....#.#w##
###'## #######.#.#
###.# #a#.## ....#
###+##.# #####
#...### # #....#
##### #####....#
...(###...'....#


You could see a hornet and a worm.

Vanquished Creatures
  A centaur warrior (D:9)
  5 two-headed ogres
  A tengu warrior (D:9)
  2 deep elf magi (D:9)
  Joseph (D:10)
  A troll (D:10)
  A hippogriff (D:10)
  A wyvern (D:10)
  A steam dragon (D:8)
  A warg (D:11)
  A water moccasin (D:6)
  An ice beast (D:9)
  A slave (D:4)
  An eye of draining (D:9)
  8 orc warriors
  A sky beast (D:6)
  7 centaurs
  4 ogres
  4 big kobolds
  5 bullfrogs
  A water moccasin skeleton (D:8)
  5 killer bees
  2 scorpions
  8 wights (D:7)
  3 howler monkeys
  A bullfrog zombie (D:10)
  A jelly (D:8)
  4 crimson imps
  2 bullfrog skeletons
  6 orc priests
  5 hounds
  7 orc wizards
  4 iguanas
  2 worker ants
  3 hound skeletons
  A howler monkey zombie (D:6)
  A worker ant zombie (D:10)
  8 gnolls
  7 adders
  A shadow imp (D:6)
  5 oozes (D:8)
  2 adder skeletons
  2 worms
  A dart slug (D:3)
  6 leopard geckos
  38 orcs
  4 giant cockroaches
  4 goblins
  7 hobgoblins
  30 jackals
  4 quokkas
  A ball python (D:5)
  4 bats
  7 frilled lizards
  12 kobolds
  4 quokka skeletons
  4 rats
255 creatures vanquished.

Vanquished Creatures (collateral kills)
  A two-headed ogre (D:8)
  A hungry ghost (D:9)
  A quasit (D:8)
  An orc (D:9)
4 creatures vanquished.

Vanquished Creatures (others)
  6 fungi (D:8)
  10 toadstools (D:8)
16 creatures vanquished.

Grand Total: 275 creatures vanquished

Notes
Turn   | Place    | Note
-------+----------+-------------------------------------------
     0 | D:1      | Jannitor the Octopode Chaos Knight began the quest for the Orb.
     0 | D:1      | Reached XP level 1. HP: 16/16 MP: 1/1
   327 | D:1      | Reached XP level 2. HP: 21/21 MP: 2/2
   434 | D:1      | Reached skill level 1 in Stealth
   581 | D:2      | XOM: silly message
   932 | D:2      | Reached XP level 3. HP: 20/26 MP: 3/3
   962 | D:2      | XOM: harmless Chrm miscast
  1059 | D:2      | You fall through a shaft for 2 floors!
  1078 | D:4      | XOM: potion effect (haste)
  1142 | D:3      | Reached XP level 4. HP: 30/31 MP: 4/4
  1205 | D:3      | XOM: potion effect (agility)
  1206 | D:3      | XOM: silly message
  1208 | D:3      | XOM: butterfly on damage
  2066 | D:2      | Reached XP level 5. HP: 37/37 MP: 5/5
  2252 | D:4      | Noticed endorz's ghost (novice MiBe)
  2295 | D:4      | Noticed a slave
  2297 | D:4      | XOM: harmless Erth miscast
  2298 | D:4      | Noticed Pikel
  2307 | D:4      | XOM: potion effect (heal wounds)
  2309 | D:4      | Killed a slave
  2313 | D:4      | Noticed a slave
  2313 | D:4      | XOM: divination: magic mapping
  2316 | D:4      | Noticed a slave
  2318 | D:4      | Noticed a slave
  2710 | D:4      | XOM: cleaving
  2721 | D:4      | Reached XP level 6. HP: 43/43 MP: 6/6
  2884 | D:4      | XOM: harmless Fire miscast
  2944 | D:4      | XOM: smoke on damage
  3025 | D:4      | XOM: scenery: create altars
  3062 | D:5      | Entered Level 5 of the Dungeon
  3062 | D:5      | Found a staircase to the Ecumenical Temple.
  3254 | D:5      | XOM: 1-stop teleportation journey
  3449 | D:5      | XOM: polymorph jackal -> ball python
  3482 | D:5      | XOM: 1-stop teleportation journey
  3488 | D:5      | Reached XP level 7. HP: 31/49 MP: 7/7
  3883 | D:5      | XOM: mild Pois miscast
  4067 | D:5      | XOM: mild Chrm miscast
  4108 | D:6      | XOM: summons 3 hostile demons
  4276 | D:6      | Reached skill level 5 in Dodging
  4291 | D:6      | Found a blossoming altar of Fedhas.
  4426 | D:6      | Reached skill level 5 in Fighting
  4921 | D:6      | Reached skill level 5 in Stealth
  4921 | D:6      | Reached XP level 8. HP: 42/57 MP: 8/8
  5009 | D:6      | Gained mutation: You are somewhat resistant to further mutation. [potion of mutation]
  5009 | D:6      | Gained mutation: You are robust. (+10% HP) [potion of mutation]
  5073 | D:6      | XOM: draining
  5115 | D:6      | XOM: summons 2 hostile shadow creatures
  5232 | D:6      | Found a hazy altar of Hepliaklqana.
  5345 | D:7      | Identified a scroll of acquirement
  5392 | D:7      | XOM: cast spell 'Cause Fear'
  5400 | D:7      | XOM: noise
  5429 | D:6      | XOM: stat loss: -1 Str (13/14)
  5511 | D:8      | XOM: give mutations
  5511 | D:8      | Gained mutation: Your mind is acute. (Int +2) [Xom's mischief]
  5511 | D:8      | Gained mutation: You occasionally shout uncontrollably at your foes. [Xom's mischief]
  5511 | D:8      | Lost mutation: You are robust. (+10% HP) [Xom's mischief]
  5511 | D:8      | Gained mutation: Your magical capacity is low. (-10% MP) [Xom's mischief]
  5519 | D:8      | XOM: harmless Chrm miscast
  5521 | D:8      | Reached skill level 5 in Long Blades
  5646 | D:7      | XOM: summons 8 friendly demons
  5721 | D:8      | XOM: potion effect (might)
  5938 | D:8      | XOM: mild Chrm miscast
  6114 | D:7      | XOM: silly message
  6161 | D:7      | XOM: potion effect (brilliance)
  6165 | D:7      | XOM: butterfly on damage
  6170 | D:7      | XOM: silly message
  6178 | D:7      | XOM: potion effect (curing)
  6196 | D:7      | Reached skill level 1 in Evocations
  6232 | D:7      | XOM: divination: detect items
  6250 | D:7      | XOM: divination: magic mapping
  6604 | D:7      | XOM: noise
  6737 | D:7      | XOM: noise
  6747 | D:7      | XOM: noise
  6754 | D:7      | Reached XP level 9. HP: 62/62 MP: 9/9
  7406 | D:7      | XOM: silly message
  7414 | D:7      | XOM: god gift: phial of floods
  7440 | D:7      | XOM: medium Conj miscast
  7462 | D:7      | XOM: enchant monster (good)
  7874 | D:7      | XOM: scenery: create altars
  8262 | D:7      | XOM: god gift: 53 gold pieces
  8272 | D:8      | XOM: confuse monster(s)
  8295 | D:8      | XOM: cast spell 'Metabolic Englaciation'
  8339 | D:8      | Noticed a two-headed ogre
  8363 | D:8      | Killed a two-headed ogre
  8546 | D:8      | XOM: scenery: create altars
  8568 | D:8      | Noticed a two-headed ogre
  8584 | D:8      | Reached XP level 10. HP: 61/71 MP: 11/11
  8640 | D:8      | Killed a two-headed ogre
  8786 | D:8      | XOM: enchant monster (good)
  8935 | D:8      | XOM: confuse monster(s)
  9088 | D:9      | XOM: god gift: 5460 gold pieces
  9241 | D:9      | XOM: summons friendly iron imp
  9242 | D:9      | XOM: summons 5 friendly demons
  9429 | D:8      | Learned a level 2 spell: Poisonous Vapours
  9451 | D:8      | Reached skill level 5 in Evocations
  9453 | D:8      | XOM: harmless Tloc miscast
  9550 | D:8      | Noticed a two-headed ogre
  9658 | D:8      | XOM: harmless Tmut miscast
  9883 | D:8      | XOM: mild Summ miscast
 10026 | D:8      | XOM: medium Summ miscast
 10264 | D:9      | XOM is BORED!
 10264 | D:9      | XOM: mild Pois miscast
 10278 | D:9      | Noticed Joseph
 10283 | D:9      | Found a snail-covered altar of Cheibriados.
 10284 | D:9      | Found a sacrificial altar of Ru.
 10284 | D:9      | Found a hide-covered altar of Uskayaw.
 10284 | D:9      | Found a deep blue altar of Sif Muna.
 10286 | D:9      | Found an opulent altar of Gozag.
 10286 | D:9      | Found a shattered altar of Ashenzari.
 10344 | D:9      | Noticed a tengu warrior
 10374 | D:9      | Noticed a two-headed ogre
 10392 | D:9      | XOM: swap monsters
 10395 | D:9      | Killed a two-headed ogre
 10395 | D:9      | Reached skill level 1 in Poison Magic
 10493 | D:9      | Noticed a two-headed ogre
 10500 | D:9      | Noticed a two-headed ogre
 10502 | D:9      | XOM: summons friendly white imp
 10504 | D:9      | XOM: confusion (+ monsters)
 10513 | D:9      | XOM: confuse monster(s)
 10520 | D:9      | Killed a two-headed ogre
 10734 | D:9      | XOM: enchant monster (good)
 10738 | D:9      | Killed a two-headed ogre
 10738 | D:9      | Reached XP level 11. HP: 77/77 MP: 13/13
 10751 | D:9      | Noticed a deep elf mage
 10756 | D:9      | XOM: summons friendly crimson imp
 10762 | D:9      | Killed a deep elf mage
 10803 | D:9      | XOM: god gift: potion of heal wounds
 10974 | D:10     | Entered Level 10 of the Dungeon
 11113 | D:11     | XOM: stealth player
 11114 | D:11     | XOM: 2-stop teleportation journey
 11119 | D:11     | Noticed a manticore
 11129 | D:11     | Noticed a purple ugly thing
 11173 | D:11     | XOM: 9-stop teleportation journey
 11550 | D:10     | Noticed Fannar
 11552 | D:10     | XOM: potion effect (agility)
 11628 | D:9      | Reached skill level 10 in Long Blades
 11643 | D:10     | HP: 2/77 [Fannar/bolt of cold (49)]
 11644 | D:10     | Noticed Fannar
 11644 | D:10     | Fannar changed into Fannar the snapping turtle
 11644 | D:10     | XOM: polymorph Fannar -> Fannar the snapping turtle
 11646 | D:10     | XOM: cleaving
 11653 | D:10     | HP: 1/77 [ice beast[Fannar] (11)]
 11691 | D:9      | XOM: scenery: create altars
 11782 | D:9      | XOM: god gift: 6 curare-tipped needles
 12057 | D:9      | XOM: cleaving
 12058 | D:9      | Noticed a centaur warrior
 12059 | D:9      | Noticed a deep elf mage
 12062 | D:9      | XOM: god gift: smoking jade ring {god gift}
 12070 | D:9      | Killed a tengu warrior
 12072 | D:9      | Got a smoking jade ring {god gift}
 12073 | D:9      | Identified the ring of Ytil {+Fly rC+} (Xom gifted it to you on level 9 of the Dungeon)
 12087 | D:9      | Killed a deep elf mage
 12098 | D:9      | XOM: harmless Tloc miscast
 12100 | D:9      | XOM: cloud trail
 12138 | D:9      | XOM: scenery: create altars
 12171 | D:9      | Killed a centaur warrior
 12357 | D:9      | XOM: god gift: curved runed staff {god gift}
 12653 | D:9      | Noticed a two-headed ogre
 12658 | D:9      | XOM: potion effect (agility)
 12666 | D:9      | Killed a two-headed ogre
 12666 | D:9      | Reached skill level 10 in Stealth
 12704 | D:10     | Killed Joseph
 12957 | D:10     | XOM: 1-stop teleportation journey
 13121 | D:10     | Paralysed by a hornet for 3 turns
 13126 | D:10     | XOM: blink monster(s)
 13127 | D:10     | Paralysed by a hornet for 1 turns
 13130 | D:10     | Paralysed by a hornet for 2 turns
 13131 | D:10     | HP: 1/78 [worm (4)]
 13131 | D:10     | Slain by a hornet

Skill      XL: |  1  2  3  4  5  6  7  8  9 10 11 |
---------------+----------------------------------+-----
Stealth        | 1 2 3 4 5 6 7 9 10 | 10.2
Dodging        | 3 4 5 6 7 8 |  8.8
Fighting       | 4 5 6 7 8 |  8.5
Long Blades    | 4 6 7 9 10 | 10.4
Evocations     | 2 4 5 6 |  6.5
Poison Magic   | 3 4 |  4.7

Action                   |  1- 3 |  4- 6 |  7- 9 | 10-12 || total
-------------------------+-------+-------+-------+-------++-------
Melee: Falchion          |    41 |    99 |    90 |       ||   230
       Constrict         |    15 |    31 |    55 |    50 ||   151
       Tentacles         |    11 |    22 |    51 |    57 ||   141
       Scimitar          |       |       |   154 |   245 ||   399
 Cast: Poisonous Vapours |       |       |       |    29 ||    29
Evoke: Wand              |       |       |    21 |    13 ||    34
       Phial of floods   |       |       |     1 |       ||     1
  Use: Potion            |       |     4 |     6 |     6 ||    16
       Scroll            |       |       |     8 |    13 ||    21
 Stab: Sleeping          |    13 |    10 |     2 |     8 ||    33
       Paralysed         |       |     2 |     2 |     4 ||     8
       Confused          |       |       |     6 |    16 ||    22
       Distracted        |       |       |     1 |     3 ||     4
  Eat: Chunk             |       |     3 |    12 |    14 ||    29
       Bread ration      |       |     1 |     1 |       ||     2
       Meat ration       |       |       |     1 |       ||     1
       Royal jelly       |       |       |       |     2 ||     2
Armor: Skin              |     2 |    11 |    28 |     9 ||    50
Dodge: Dodged            |    24 |    88 |   203 |   193 ||   508
       Rpst.: Falchion   |     9 |    33 |    21 |       ||    63
       Scimitar          |       |       |    27 |    53 ||    80
